 Dungeon Crawl Stone Soup version 0.25-a0-589-g1e14c549ee (webtiles) character file.

Game seed: 17541843517041566293, levelgen mode: deterministic

2925 Eurus the Conjurer (level 9, -3/64 HPs)
             Began as a Mummy Conjurer on Mar 10, 2020.
             Was a Follower of Ashenzari.
             Slain by an orc
             ... wielding a +0 halberd
              (8 damage)
             ... in a bailey.
             The game lasted 00:18:20 (8687 turns).

Eurus the Conjurer (Mummy Conjurer)                 Turns: 8687, Time: 00:18:21

Health: -3/64      AC:  5    Str: 11    XL:     9   Next: 50%
Magic:  2/20       EV: 12    Int: 17    God:    Ashenzari [*.....]
Gold:   382        SH:  5    Dex: 13    Spells: 15/22 levels left

rFire    x . .     SeeInvis .   n - +3 flail (protect)
rCold    + . .     Gourm    .   d - +0 buckler
rNeg     + + +     Faith    .   a - +0 robe
rPois    ∞         Spirit   .   b - +1 helmet
rElec    .         Reflect  .   p - +0 cloak
rCorr    .         Harm     .   (no gloves)
MR       +....                  (no boots)
Stlth    ++........             (no amulet)
HPRegen  0.20/turn              (no ring)
MPRegen  0.17/turn              (no ring)

@: very slightly contaminated
A: no food or potions, fire vulnerability, cold resistance 1, negative energy
resistance 3, torment resistance, unbreathing
a: Curse Item, Scrying, Renounce Religion


You were in a bailey.
You worshipped Ashenzari.
Ashenzari was aware of your devotion.
You were not hungry.

You visited 1 branch of the dungeon, and saw 7 of its levels.
You also visited: Bailey.

You collected 485 gold pieces.
You spent 103 gold pieces at shops.

Inventory:

Hand Weapons
 n - a +3 flail of protection (weapon)
Armour
 a - a +0 robe (worn)
 b - a +1 helmet (worn)
 d - a +0 buckler (worn)
 e - a +0 leather armour
 p - a +0 cloak (worn)
Jewellery
 h - an uncursed ring of resist corrosion
 k - a +4 ring of intelligence
 l - an uncursed amulet of harm
Scrolls
 c - 3 scrolls of magic mapping
 f - 3 scrolls of remove curse
 g - 6 scrolls of teleportation
 i - a scroll of torment
 j - 2 scrolls of identify
 m - a scroll of blinking
 o - a scroll of fear


   Skills:
 + Level 3.6 Fighting
 - Level 1.5 Dodging
 - Level 1.5 Stealth
 * Level 5.1 Shields
 + Level 7.3 Spellcasting
 * Level 7.6 Conjurations
 + Level 3.4 Translocations


You had 15 spell levels left.
You knew the following spells:

 Your Spells              Type           Power        Failure   Level  Hunger
a - Magic Dart            Conj           ####         1%          1    N/A
b - Searing Ray           Conj           ####..       1%          2    N/A
c - Iskenderun's Mystic   Conj/Tloc      ####....     12%         4    N/A

Your spell library contained the following spells:

 Spells                   Type           Power        Failure   Level  Hunger
 Apportation              Tloc           ###...       2%          1    N/A
 Dazzling Flash           Conj/Hex       ###...       7%          3    N/A
 Animate Skeleton         Necr           N/A          11%         1    N/A
 Corona                   Hex            #......      11%         1    N/A
 Summon Small Mammal      Summ           #...         11%         1    N/A
 Fulminant Prism          Conj/Hex       ###.......   24%         4    N/A

Dungeon Overview and Level Annotations

Branches:
Dungeon (7/15)             Bailey (1/1)
 Temple: D:4-7

Altars:
Ashenzari
Qazlal
Sif Muna
Vehumet
Xom

Shops:
D:4 [

Annotations:
D:3 exclusion: gnoll


Innate Abilities, Weirdness & Mutations

You do not eat or drink.
Your flesh is vulnerable to fire.
You are immune to poison.
Your flesh is cold resistant. (rC+)
You are immune to negative energy. (rN+++)
You are immune to unholy pain and torment.
You can survive without breathing.


Message History

* * * LOW HITPOINT WARNING * * *
The orc completely misses you.
You see here a +0 halberd.
You see here a +0 war axe.
Casting: Iskenderun's Mystic Blast (safe; 12% risk of failure)
Confirm with . or Enter, or press ? or * to list all spells.
Aiming: Searing Ray (safe; 1% risk of failure)
Press: ? - help, Shift-Dir - straight line, f - orc
Aim: an orc, wielding a +0 spear The searing ray hits the orc!
You kill the orc! (Press . to maintain the ray.)
The orc barely misses you. The orc misses you.
The orc hits you from afar with a +0 spear.
* * * LOW HITPOINT WARNING * * *
You block the orc's attack. The orc hits you but does no damage.
The orc closely misses you.
The orc hits you from afar with a +0 halberd!
You die...

############
##.∩........##
#............######
#.@..........#....#
#∩..o........')...)
#...o).).....#....#
#...o).......######
##.∩.)).....##
############


You could see 3 orcs.

Vanquished Creatures
  Pikel (D:6)
  A hippogriff (D:7)
  Edmund (D:6)
  A black bear (D:7)
  2 ice beasts (D:5)
  5 orc warriors
  3 ogres
  A phantom (D:5)
  Blork the orc (D:5)
  A bullfrog (D:6)
  A gnoll sergeant (D:5)
  A water moccasin zombie (D:6)
  2 crimson imps
  2 bullfrog zombies (D:6)
  3 hounds
  2 jellies (D:5)
  An orc priest (D:2)
  Crazy Yiuf (D:6)
  An iguana (D:5)
  2 bullfrog skeletons
  4 orc wizards
  A worker ant (D:6)
  A hound skeleton (D:4)
  A howler monkey skeleton (D:4)
  5 gnolls (D:5)
  11 adders
  2 shadow imps (D:5)
  2 oozes
  3 worms
  2 dart slugs
  6 leopard geckos
  31 orcs
  2 ball pythons (D:4)
  6 giant cockroaches
  7 goblins
  11 hobgoblins
  4 jackals (D:1)
  A quokka (D:5)
  9 bats
  5 frilled lizards
  10 kobolds
  A quokka zombie (D:5)
  7 rats
165 creatures vanquished.

Vanquished Creatures (others)
  A slave (D:6)
  An orc (D:6)
  A plant (D:2)
3 creatures vanquished.

Grand Total: 168 creatures vanquished

Notes
Turn   | Place    | Note
-------+----------+-------------------------------------------
     0 | D:1      | Eurus the Mummy Conjurer began the quest for the Orb.
     0 | D:1      | Reached XP level 1. HP: 13/13 MP: 4/4
   500 | D:1      | Reached XP level 2. HP: 19/19 MP: 3/6
   504 | D:1      | Learned a level 2 spell: Searing Ray
  1381 | D:1      | Reached XP level 3. HP: 24/24 MP: 4/7
  1591 | D:2      | Noticed an orc warrior
  1639 | D:2      | Reached XP level 4. HP: 29/30 MP: 9/9
  1652 | D:2      | Found a shattered altar of Ashenzari.
  1685 | D:2      | Became a worshipper of Ashenzari the Shackled
  1719 | D:2      | Found a stormy altar of Qazlal.
  2937 | D:3      | Found a shimmering altar of Xom.
  2964 | D:3      | Reached skill level 1 in Fighting
  2964 | D:3      | Reached XP level 5. HP: 34/37 MP: 8/11
  2968 | D:3      | Found a faded altar of an unknown god.
  3815 | D:4      | Reached skill level 5 in Conjurations
  4020 | D:4      | Noticed an ogre
  4033 | D:4      | Killed an ogre
  4033 | D:4      | Reached XP level 6. HP: 44/44 MP: 4/13
  4112 | D:4      | Learned a level 4 spell: Iskenderun's Mystic Blast
  4135 | D:4      | Found Asyimah's Antique Armour Boutique.
  4149 | D:4      | Bought a buckler for 103 gold pieces
  4364 | D:4      | Reached * piety under Ashenzari
  4366 | D:4      | Found a radiant altar of Vehumet.
  4366 | D:4      | Found a shimmering blue altar of Sif Muna.
  4370 | D:4      | Reached skill level 1 in Shields
  4370 | D:4      | Reached skill level 5 in Spellcasting
  4770 | D:5      | Entered Level 5 of the Dungeon
  4878 | D:5      | Reached XP level 7. HP: 26/50 MP: 8/14
  5032 | D:5      | Reached skill level 1 in Translocations
  5197 | D:5      | Noticed Blork the orc
  5209 | D:5      | Killed Blork the orc
  5800 | D:5      | Reached XP level 8. HP: 43/56 MP: 8/16
  6527 | D:6      | Noticed Edmund
  6806 | D:6      | Killed Edmund
  7477 | D:6      | Noticed Pikel
  7490 | D:6      | Killed Pikel
  7717 | D:6      | Reached XP level 9. HP: 51/62 MP: 11/19
  8120 | D:6      | Found a runed translucent door.
  8121 | D:6      | Noticed Crazy Yiuf
  8128 | D:6      | Killed Crazy Yiuf
  8287 | D:7      | Found a flagged portal.
  8314 | Bailey   | Entered a bailey
  8435 | Bailey   | Reached skill level 5 in Shields
  8671 | Bailey   | HP: 3/64 [orc/+0 trident (5)]
  8687 | Bailey   | Slain by an orc

Levels and vault maps discovered:
D:1:      minmay_arrival_checkered_box, layout_loops_cross
D:2:      layout_loops_ring, nicolae_ashenzari_panopticon,
          lemuel_coloured_pillars_altar, first_ration, minmay_misc_feat_square,
          grunt_ministairs_9, lexackson_kobold_supper
D:3:      layout_rooms, xom_teletrap_fun, chequers_ecumenical_altar_island,
          chequers_decorated_corner, lightli_corner_chamber
D:4:      layout_loops_ring, grunt_temple_overflow_open, serial_shops, shop,
          minmay_between
D:5:      layout_loops_ring, minmay_misc_feat_diagonals, uniq_blork_the_orc
D:6:      layout_basic, minmay_misc_feat_five, uniq_edmund,
          uniq_crazy_yiuf_cottage, uniq_pikel
D:7:      layout_cave_pools, makhleb_grotto_becter,
          nemelex_xobeh_ov_fountains_minmay,
          minmay_temple_entry_drinking_statues, serial_shops,
          nicolae_shop_stone, enter_bailey_6, gammafunk_ghost_stat_death,
          grunt_livestock
Bailey:   bailey_polearm_5, bailey

Skill      XL: |  1  2  3  4  5  6  7  8  9 |
---------------+----------------------------+-----
Spellcasting   | 3 4 5 6 7 |  7.3
Conjurations   | 4 5 6 7 |  7.6
Fighting       | 1 2 3 |  3.6
Shields        | 1 2 4 5 |  5.1
Translocations | 1 2 3 |  3.4
Dodging        | |  1.5
Stealth        | |  1.5

Action                   |  1- 3 |  4- 6 |  7- 9 || total
-------------------------+-------+-------+-------++-------
Melee: Short sword       |    13 |       |       ||    13
       Dagger            |    29 |   104 |    10 ||   143
       Flail             |       |       |    22 ||    22
 Cast: Magic Dart        |    50 |    44 |    15 ||   109
       Searing Ray       |     2 |    21 |    57 ||    80
       Iskenderun's Myst |       |       |     1 ||     1
  Use: Scroll            |       |     7 |     1 ||     8
 Stab: Sleeping          |       |     2 |       ||     2
Armor: Robe              |     6 |    24 |    26 ||    56
Dodge: Dodged            |    33 |    93 |    97 ||   223
Block: Buckler           |       |       |    22 ||    22

Table legend:
 A = Non-vault XP
 B = Vault XP
 C = Vault XP percentage of total XP
 D = Non-vault monster count
 E = Vault monster count
 F = Vault count percentage of total count
                 A         B        C        D         E       F
            +---------+---------+-------+---------+---------+-------
      Total |    2610 |    1569 |  37.5 |     131 |      34 |  20.6
            +---------+---------+-------+---------+---------+-------
        D:1 |      41 |       0 |   0.0 |      23 |       0 |   0.0
        D:2 |     116 |      15 |  11.5 |      18 |       9 |  33.3
        D:3 |     139 |       0 |   0.0 |      31 |       0 |   0.0
        D:4 |     317 |      37 |  10.5 |      13 |       1 |   7.1
        D:5 |     909 |      94 |   9.4 |      27 |       1 |   3.6
        D:6 |     493 |     856 |  63.5 |      14 |       3 |  17.6
        D:7 |     595 |       0 |   0.0 |       5 |       0 |   0.0
     Bailey |       0 |     567 | 100.0 |       0 |      20 | 100.0
            +---------+---------+-------+---------+---------+-------
